 Dungeon Crawl Stone Soup version 0.31-a0-1300-gb6740aa4e6 (webtiles) character file.

Game seed: 9664665441140158663

35 thriggle the Digger (level 3, -2/2 HPs)
             Began as a Gnoll Wanderer on Dec 18, 2023.
             Slain by an adder (4 damage)
             ... on level 2 of the Dungeon.
             The game lasted 00:04:08 (1106 turns).

thriggle the Digger (Gnoll Wanderer)                Turns: 1106, Time: 00:04:09

Health: -2/2       AC:  2    Str: 12    XL:     3   Next: 35%
Magic:  6/7        EV: 12    Int: 13    God:
Gold:   68         SH:  0    Dex: 10    Spells: 6/7 levels left

rFire   . . .        e - +0 mace
rCold   + . .        (no shield)
rNeg    + + +        d - +0 robe
rPois   ∞            (no helmet)
rElec   .            (no cloak)
rCorr   .            (no gloves)
SInv    .            (no boots)
Will    +....        (no amulet)
Stlth   +            (no ring)
HPRegen 0.20/turn    (no ring)
MPRegen 0.10/turn

%: no passive effects
@: death-form
A: vile attack, torment immunity, no potions, reduced hp, fangs 1, strong nose,
distributed training
a: Siphon Essence, Begin Untransformation


You were on level 2 of the Dungeon.
You were an undying horror.
You visited 1 branch of the dungeon, and saw 2 of its levels.

You collected 68 gold pieces.

Inventory:

Hand Weapons
 a - a +0 dagger
 e - a +0 mace (weapon)
Missiles
 b - 11 poisoned darts (quivered)
Armour
 d - a +0 robe (worn)
Talismans
 h - a talisman of death (active)
Scrolls
 g - a scroll of enchant weapon {unknown}
 i - a scroll of fear {unknown}
 k - a scroll of identify {unknown}
 l - a scroll of summoning {unknown}
Potions
 c - a potion of attraction
 f - a potion of lignification {unknown}
 j - a potion of ambrosia {unknown}
 m - a potion of might {unknown}
 n - a potion of curing {unknown}
 o - a potion of enlightenment {unknown}


   Skills:
 + Level 2.6 Fighting
 + Level 0.8 Short Blades
 + Level 0.8 Long Blades
 + Level 0.8 Axes
 + Level 0.8 Maces & Flails
 + Level 0.8 Polearms
 + Level 0.8 Staves
 + Level 0.8 Ranged Weapons
 + Level 2.6 Throwing
 + Level 2.6 Armour
 + Level 2.6 Dodging
 + Level 0.8 Stealth
 + Level 0.8 Shields
 + Level 0.8 Unarmed Combat
 + Level 2.8 Spellcasting
 + Level 0.5 Conjurations
 + Level 0.5 Hexes
 + Level 0.5 Summonings
 + Level 3.7 Necromancy
 + Level 0.5 Translocations
 + Level 0.5 Transmutations
 + Level 0.5 Fire Magic
 + Level 0.5 Ice Magic
 + Level 0.5 Air Magic
 + Level 5.4 Earth Magic
 + Level 0.5 Poison Magic
 + Level 1.0 Invocations
 + Level 0.8 Evocations
 + Level 0.7 Shapeshifting


You had 6 spell levels left.
You knew the following spells:

 Your Spells              Type           Power      Damage    Failure   Level
a - Sandblast             Erth           30%        2d9       2%          1

Your spell library contained the following spells:

 Spells                   Type           Power      Damage    Failure   Level
 Necrotise                Necr           44%        1d6       4%          1
 Passwall                 Tmut/Erth      7%         N/A       11%         2
 Cigotuvi's Dreadful Rot  Necr/Pois/Air  12%        N/A       19%         2
 Stone Arrow              Conj/Erth      18%        3d8       21%         3
 Ensorcelled Hibernation  Hex/Ice        6%         N/A       28%         2
 Jinxbite                 Hex            6%         N/A       28%         2
 Dispel Undead            Necr           11%        3d9       43%         4
 Ozocubu's Armour         Ice            3%         N/A       50%         3
 Swiftness                Air            3%         N/A       50%         3
 Anguish                  Hex/Necr       3%         N/A       67%         4
 Metabolic Englaciation   Hex/Ice        1%         N/A       99%         5
 Simulacrum               Ice/Necr       3%         N/A       100%        6


Dungeon Overview and Level Annotations

Branches:
Dungeon (2/15)

Altars:


Innate Abilities, Weirdness & Mutations

You are an undying horror.
Your melee and unarmed attacks drain, slow and weaken victims.
You are immune to unholy pain and torment.
You cannot drink.
Your maximum health is decreased, since you lack skill for your form.
You are immune to poison.
You have very sharp teeth.
Your uncanny sense of smell can sniff out nearby items.
Your experience applies equally to all skills.


Message History

You hit the adder.
The adder is severely wounded.
You feel sick. The adder barely misses you. The adder closely misses you.
Casting: Sandblast (safe; 2% risk of failure)
Confirm with . or Enter, or press ? or * to list all spells.
Aiming: Sandblast (safe; 2% risk of failure)
Press: ? - help, Shift-Dir - straight line, f - adder
Aim: an adder (severely wounded, 70% to hit)
The blast of sand misses the adder.
You feel sick. The adder bites you. x2
You closely miss the adder.
The adder is severely wounded.
You feel sick. The adder bites you.
You miss the adder.
The adder is severely wounded.
You feel sick. The adder bites you.
* * * LOW HITPOINT WARNING * * *
The adder closely misses you.
You hit the adder.
You kill the adder!
You feel sick.
You are no longer poisoned.
Your Invocations skill increases to level 1!
An adder comes into view.
You now have 68 gold pieces (gained 10).
Sorry, you're not good enough to have a special ability.
You begin transforming.
You continue transforming. x3
Your flesh twists and warps into a mockery of life!
HP restored.
You hit the adder.
The adder decays.
The adder is lightly wounded.
The adder barely misses you.
You miss the adder.
The adder is lightly wounded.
The adder is no longer moving slowly.
The adder is no longer weakened.
The adder seems less drained.
The adder closely misses you.
You closely miss the adder. You bite the adder.
The adder is moderately wounded.
The adder bites you.
Ouch! That really hurt!
You die...

## #.. ∆ #.# #.#
#.# #.# #.########
#.zS......
#.###.#.## #.# #.#
# #.# #.#.#
##.###.#.#
##...##.#.###.#
#.............#
#..............
..........#.#.#####


You could see an adder.

Vanquished Creatures
  2 adders (D:2)
  A dart slug (D:1)
  2 ball pythons
  A bat (D:2)
  A giant cockroach (D:1)
  A goblin (D:1)
  A hobgoblin (D:1)
  2 quokkas (D:1)
  3 frilled lizards (D:1)
  3 kobolds (D:1)
17 creatures vanquished.

Notes
Turn   | Place    | Note
-------+----------+-------------------------------------------
     0 | D:1      | thriggle the Gnoll Wanderer began the quest for the Orb.
     0 | D:1      | thriggle set off with the following items: a +0 dagger, 11
                  | poisoned darts, a potion of attraction, a +0 robe; and the
                  | following spells available to memorise: Sandblast,
                  | Necrotise, Cigotuvi's Dreadful Rot, Stone Arrow, Dispel
                  | Undead.
     0 | D:1      | Reached XP level 1. HP: 17/17 MP: 4/4
     2 | D:1      | Learned a level 1 spell: Sandblast
   331 | D:1      | Reached XP level 2. HP: 11/23 MP: 2/5
  1079 | D:2      | Reached XP level 3. HP: 24/28 MP: 4/7
  1086 | D:2      | Reached skill level 1 in Invocations
  1106 | D:2      | Slain by an adder

Illustrated notes

Levels and vault maps discovered:
D:1:      tekkud_arrival_beachfront_property, layout_loops_ring, serial_forest,
          infiniplex_forest_zigzag_2, infiniplex_forest_clump_double,
          infiniplex_forest_clump_small, infiniplex_forest_zigzag_1,
          infiniplex_forest_end_2, infiniplex_forest_lined_corner
D:2:      layout_loops_ring, serial_bayou, serial_bayou_pond_e,
          serial_bayou_pond_e, serial_bayou_shore_b, serial_bayou_shore_b,
          serial_bayou_crossing, shapermc_ecumenical_altar_pompeii, uniq_terence

Skill      XL: |  1  2  3 |
---------------+----------+-----
Invocations    | 1 |  1.0
Fighting       | |  2.6
Short Blades   | |  0.8
Long Blades    | |  0.8
Axes           | |  0.8
Maces & Flails | |  0.8
Polearms       | |  0.8
Staves         | |  0.8
Ranged Weapons | |  0.8
Throwing       | |  2.6
Armour         | |  2.6
Dodging        | |  2.6
Stealth        | |  0.8
Shields        | |  0.8
Unarmed Combat | |  0.8
Spellcasting   | |  2.8
Conjurations   | |  0.5
Hexes          | |  0.5
Summonings     | |  0.5
Necromancy     | |  3.7
Translocations | |  0.5
Transmutations | |  0.5
Fire Magic     | |  0.5
Ice Magic      | |  0.5
Air Magic      | |  0.5
Earth Magic    | |  5.4
Poison Magic   | |  0.5
Evocations     | |  0.8
Shapeshifting  | |  0.7

Action                     || total
---------------------------++-------
  Melee: Dagger            ||    21
         Bite              ||     6
         Mace              ||    33
   Cast: Sandblast         ||    13
   Stab: Sleeping          ||     1
 Armour: Robe              ||    33
  Dodge: Dodged            ||    48
   Form: Death             ||     1

Table legend: (Time is in decaauts)
 A = Elapsed time spent in this place.
 B = Non-inter-level travel time spent in this place.
 C = Inter-level travel time spent in this place.
 D = Time resting spent in this place.
 E = Time spent auto-exploring this place.
 F = Levels seen in this place.
 G = Mean time per level.
                   A        B        C        D        E       F      G
               +--------+--------+--------+--------+--------+-----+--------+
         Total |   1124 |   1085 |     39 |      0 |    783 |   2 |  562.0 |
       Dungeon |   1124 |   1085 |     39 |      0 |    783 |   2 |  562.0 |
               +--------+--------+--------+--------+--------+-----+--------+

Top non-repeatable levels by time:
     D:1: 949 daAuts
     D:2: 175 daAuts
